 Dungeon Crawl Stone Soup version 0.18-a0-1685-g4482fe3 (webtiles) character file.

48 Oddball22 the Caller (level 3, 0/19 HPs)
             Began as a Deep Elf Summoner on Apr 4, 2016.
             Slain by an adder (5 damage)
             ... on level 3 of the Dungeon.
             The game lasted 00:08:19 (2145 turns).

Oddball22 the Caller (Deep Elf Summoner)            Turns: 2145, Time: 00:08:20

Health: 0/19       AC:  2    Str:  5    XL:     3   Next: 50%
Magic:  8/10       EV: 13    Int: 20    God:
Gold:   76         SH:  0    Dex: 15    Spells: 2 memorised, 6 levels left

rFire  . . .     SeeInvis .     (no weapon)
rCold  . . .     Gourm    .     a - +0 robe
rNeg   . . .     Faith    +     (no shield)
rPois  .         Spirit   .     (no helmet)
rElec  .         Dismiss  .     (no cloak)
rCorr  .         Reflect  .     (no gloves)
SustAt .         Harm     .     (no boots)
MR     .....                    h - amulet of faith
Stlth  ++........               (no ring)
                                (no ring)

@: lethally poisoned (0 -> -9), not resistant to hostile enchantments,
unstealthy
A: no striking features
a: no special abilities


You were on level 3 of the Dungeon.
You were near starving.

You visited 1 branch of the dungeon, and saw 3 of its levels.

You collected 76 gold pieces.

Inventory:

Armour
 a - a +0 robe (worn)
Jewellery
 h - an amulet of faith (around neck)
Scrolls
 i - 2 scrolls of identify {unknown}
 k - 2 scrolls of recharging {unknown}
 l - a scroll of noise {unknown}
 m - a scroll of teleportation {unknown}
 o - 2 scrolls of enchant armour {unknown}
Potions
 d - a potion of ambrosia
 e - 3 potions of curing {unknown}
 j - a potion of might {unknown}
 n - a potion of invisibility {unknown}
 q - a potion of flight {unknown}
Books
 b - a book of Callings

   Spells                             Type                      Level
   a - Summon Small Mammal            Summoning                    1
   b - Call Imp                       Summoning                    2
   c - Call Canine Familiar           Summoning                    3
   d - Summon Guardian Golem          Hexes/Summoning              3
   e - Summon Lightning Spire         Summoning/Air                4
   f - Summon Ice Beast               Ice/Summoning                4
Comestibles
 c - 3 bread rations
 g - 3 fruits
 p - 2 meat rations


   Skills:
 + Level 3.2 Dodging
 - Level 2.4 Stealth
 * Level 4.4 Spellcasting
 + Level 4.6 Summonings


You had 6 spell levels left.
You knew the following spells:

 Your Spells              Type           Power        Failure   Level  Hunger
a - Summon Small Mammal   Summ           ###.         1%          1    None
b - Call Canine Familiar  Summ           ###.....     8%          3    ###....


Dungeon Overview and Level Annotations

Branches:
Dungeon (3/15)

Altars:
Kikubaaqudgha


Message History

You feel sick.
Your hound misses the adder. The adder closely misses you.
Your hound closely misses the adder.
You hit the adder.
The adder is lightly wounded.
The adder bites you.
Your hound closely misses the adder.
The adder bites you.
You are lethally poisoned!
The adder poisons you!
You miss the adder.
The adder is lightly wounded.
You feel sick.
Your hound bites the adder.
The adder barely misses you.
Your hound bites the adder.
You hit the adder but do no damage.
The adder is severely wounded.
* * * LOW HITPOINT WARNING * * *
You feel sick. The adder misses you.
Your hound closely misses the adder.
You hit the adder but do no damage.
The adder is severely wounded.
Your hound closely misses the adder.
The adder bites you but does no damage. The adder bites you.
You die...

#.# #.# #.# #.#
##.## #. ...
.$> #. #.# ..#
#...###@##...#.
......S........
#######h##...#.
### .... ... ##


You could see an adder and a friendly hound.

Vanquished Creatures
  A giant newt (D:1)
  A kobold (D:2)
2 creatures vanquished.

Vanquished Creatures (collateral kills)
  A gnoll (D:1)
  4 adders (D:2)
  A dart slug (D:1)
  4 bats
  4 giant cockroaches
  5 goblins
  7 hobgoblins
  A jackal (D:1)
  A quokka (D:2)
  3 kobolds
  5 rats
36 creatures vanquished.

Grand Total: 38 creatures vanquished

Notes
Turn   | Place    | Note
--------------------------------------------------------------
     0 | D:1      | Oddball22 the Deep Elf Summoner began the quest for the Orb.
     0 | D:1      | Reached XP level 1. HP: 10/10 MP: 6/6
    65 | D:1      | Reached XP level 2. HP: 5/15 MP: 4/8
  1168 | D:2      | Reached XP level 3. HP: 15/19 MP: 5/10
  1319 | D:2      | Found an ancient bone altar of Kikubaaqudgha.
  1453 | D:2      | Learned a level 3 spell: Call Canine Familiar
  2145 | D:3      | Slain by an adder

Vault maps used:
D:1:      mrwooster_arrival_statue_2
D:2:      kiku_gazebo_garden_becter
D:3:      grunt_gozag_statues, fedhas_altar_1, grunt_temple_overflow_diamond,
          kennysheep_generic_room_6, uniq_grinder, uniq_robin

Skill      XL: |  1  2 |
---------------+-------+-----
Dodging        | 3 |  3.2
Spellcasting   | 4 |  4.4
Stealth        | |  2.4
Summonings     | |  4.6

Action                   || total
-------------------------++-------
Melee: Unarmed           ||    47
 Cast: Summon Small Mamm ||    54
       Call Canine Famil ||     4
  Use: Potion            ||     1
 Stab: Sleeping          ||     1
  Eat: Chunk             ||     2
